AoeStats
← Sergio9108

Arena

508030563Analyzed
1v1 RM · 12d ago on Sep 20, 2026· 41m 51s· 2 players
Game mode
Random Map
Map size
Tiny (2 player)
Population
200
Speed
Normal
Resources
Standard
Victory
Conquest
Starting age
Dark Age
Ending age
Imperial Age
RankedLock teamsTeams togetherTeam positionsShared explorationLock speedFull tech treeHidden civsTurbo modeCheats
Victory
Defeat
🇨🇴 Persians · Colombia
1220
+15
🇳🇮 Maya · Nicaragua
1188
-15
ExxD96
10:11 Feudal Age
9:38 Loom
15:06 Castle Age
15:35 Crossbowman
23:04 Horse Collar
24:15 Double-Bit Axe
24:41 Fletching
25:13 Heavy Plow
26:17 Bow Saw
26:50 Wheelbarrow
27:12 Pikeman
27:52 Squires
27:37 Arson
27:49 Gold Mining
27:49 Stone Mining
28:04 Scale Mail Armor
28:15 Forging
32:43 Imperial Age
30:38 Chain Mail Armor
30:58 Iron Casting
31:50 Iron Casting
32:45 Halberdier
34:28 Chemistry
34:31 Plate Mail Armor
35:01 Blast Furnace
34:31 Conscription
36:58 Chemistry
38:58 Hand Cart
39:05 Eagle Warrior
42:21 Padded Archer Armor
Sergio9108
9:30 Feudal Age
14:54 Castle Age
13:27 Double-Bit Axe
13:39 Horse Collar
15:33 Town Watch
16:02 Loom
23:20 Loom
31:23 Imperial Age
29:13 Padded Archer Armor
29:03 Fletching
30:22 Kamandaran
29:51 Elite Skirmisher
29:52 Crossbowman
30:50 Crossbowman
30:50 Elite Skirmisher
31:36 Thumb Ring
32:42 Wheelbarrow
33:05 Bodkin Arrow
33:25 Leather Archer Armor
34:10 Ballistics
34:14 Leather Archer Armor
34:30 Conscription
36:19 Chemistry
35:36 Husbandry
35:46 Bloodlines
37:18 Bloodlines
36:29 Cavalier
36:31 Light Cavalry
38:05 Forging
38:00 Scale Barding Armor
38:26 Ring Archer Armor
37:48 Hussar
42:37 Citadels
Connection lost

Rejoining the realm…

Still unreachable

The connection could not be restored.

Session expired

The server has moved on; the page needs a fresh start.